 Dungeon Crawl Stone Soup version 0.20.1-1-g8b1a95d (webtiles) character file.

105506 awaves the Executioner (level 15, -5/155 HPs)
             Began as a Minotaur Berserker on Jan 3, 2018.
             Was a High Priest of Trog.
             Killed by divine providence
             ... invoked by an orc priest
              (13 damage)
             ... on level 2 of the Orcish Mines.
             The game lasted 01:12:16 (22195 turns).

awaves the Executioner (Minotaur Berserker)        Turns: 22195, Time: 01:12:17

Health: -5/155     AC: 31    Str: 26    XL:     15   Next: 94%
Magic:  4/4        EV:  7    Int:  9    God:    Trog [*****.]
Gold:   1932       SH:  0    Dex: 20    Spells: 14/14 levels left

rFire    . . .     SeeInvis +   x - +1 battleaxe (antimagic)
rCold    . . .     Gourm    .   (shield currently unavailable)
rNeg     . . .     Faith    .   M - +8 orange crystal plate armour {Archmagi, Int+3 Clar}
rPois    .         Spirit   .   N - +3 crown of Dyrovepreva {rElec Int+2 SInv}
rElec    +         Reflect  .   n - +0 cloak
rCorr    .         Harm     .   K - +2 pair of gloves {Dex+3}
MR       +++++     Clarity  +   e - +2 pair of boots "Fuenlul" {Str+3}
Stlth    ..........             i - amulet of regeneration
Regen    1.8/turn               d - ring of protection from magic
MPRegen  0.1/turn               v - ring of protection from magic

@: about to teleport, corroded, very slightly contaminated, regenerating,
heavily drained
A: retaliatory headbutt, beak, horns 2, strong 1, subdued magic 1, sturdy frame
1
a: Berserk, Trog's Hand, Brothers in Arms, Burn Spellbooks, Renounce Religion


You were on level 2 of the Orcish Mines.
You worshipped Trog.
Trog was extremely pleased with you.
You were near starving.

You visited 4 branches of the dungeon, and saw 24 of its levels.
You also visited: Labyrinth.

You collected 1996 gold pieces.
You spent 64 gold pieces at shops.

Inventory:

Hand Weapons
 x - a +1 antimagic battleaxe (weapon)
 J - the +2 mace of Darkness {protect, rElec rF+}
   (You found it in a labyrinth)

   It protects the one who uses it against injury (+AC on strike).
   It protects you from fire.
   It insulates you from electricity.
Armour
 e - the +2 pair of boots "Fuenlul" (worn) {Str+3}
   (You found it on level 4 of the Dungeon)

   It affects your strength (+3).
 n - a +0 cloak (worn)
 K - a +2 pair of gloves of dexterity (worn)
 M - the +8 orange crystal plate armour (worn) {Archmagi, Int+3 Clar}
   (You found it on level 9 of the Dungeon)

   It affects your intelligence (+3).
   It protects you against confusion.
 N - the +3 crown of Dyrovepreva (worn) {rElec Int+2 SInv}
   (You found it on level 9 of the Dungeon)

   It affects your intelligence (+2).
   It insulates you from electricity.
   It lets you see invisible.
Jewellery
 d - a ring of protection from magic (left hand)
 i - an amulet of regeneration (around neck)
 v - a ring of protection from magic (right hand)
 G - an uncursed ring of protection from cold
Wands
 l - a wand of clouds (1/9)
 q - a wand of lightning (11/15)
 s - a wand of iceblast (13/15)
 y - a wand of flame (20/48)
 z - a wand of confusion (22/48)
 D - a wand of paralysis (5/24)
 H - a wand of acid (9/15)
 L - a wand of random effects (25/48)
 U - a wand of polymorph (7/24)
 X - a wand of disintegration (13/24)
Scrolls
 a - 4 scrolls of recharging
 h - 3 scrolls of magic mapping
 j - 2 scrolls of enchant weapon
 o - 6 scrolls of immolation
 r - a scroll of fog
 B - 2 scrolls of silence
 C - 2 scrolls of enchant armour
 I - a scroll of remove curse
 Q - 4 scrolls of teleportation
 V - a scroll of fear
Potions
 g - 6 potions of curing
 w - 2 potions of haste
 A - a potion of might
 E - 3 potions of cancellation
 O - a potion of lignification
 P - 4 potions of flight
 T - 4 potions of agility
Books
 t - a book of the Tempests

   Spells                             Type                      Level
   a - Static Discharge               Conjuration/Air              3
   b - Lightning Bolt                 Conjuration/Air              5
   c - Ignition                       Fire                         8
   d - Tornado                        Air                          9
   e - Shatter                        Earth                        9
   Trog disapproves of the use of such an item.
Comestibles
 b - 6 meat rations
 c - 9 bread rations
 p - 5 royal jellies
 F - 16 fruits


   Skills:
 + Level 20.0(18.2) Fighting
 - Level 22.5(20.5) Axes
 - Level 11.0(9.5) Armour
 - Level 2.1(1.0) Dodging


You had 14 spell levels left.
You didn't know any spells.

Dungeon Overview and Level Annotations

Branches:
Dungeon (15/15)            Temple (1/1) D:7            Lair (6/6) D:10
  Swamp (0/4) Lair:3       Spider (0/4) Lair:4        Slime (0/5) Lair:5
    Orc (2/2) D:10         Vaults (0/5) D:14         Depths (0/5) D:15
    Elf: Orc:2

Altars:
Ashenzari
Cheibriados
Dithmenos
Elyvilon
Fedhas
Gozag
Hepliaklqana
Kikubaaqudgha
Makhleb
Nemelex Xobeh
Okawaru
Qazlal
Ru
Sif Muna
Trog
Uskayaw
Vehumet
Xom
Yredelemnul
Zin
The Shining One
Jiyva

Shops:
D:5 =   D:8 (   D:12 ?   Orc:1 %

Annotations:
D:9 3 runed doors
D:11 exclusion: obsidian statue


Innate Abilities, Weirdness & Mutations

You reflexively headbutt those who attack you in melee.
You have a pair of horns on your head.
You have a beak for a mouth.
Your muscles are strong. (Str +2)
Your spells are a little easier to cast, but a little less powerful.
Your movements are slightly less encumbered by armour. (ER -2)


Message History

The orc wizard blinks!
The orc wizard gestures wildly while chanting.
The orc wizard blinks!
You're too hungry.
Unknown command.
You slash the orc sorcerer!
You kill the orc sorcerer!
Trog accepts your kill.
Trog appreciates your killing of a magic user.
You slash the orc priest!
The orc high priest mumbles some strange prayers to Beogh against you.
Beogh smites you!
* * * LOW HITPOINT WARNING * * *
The orc priest barely misses you. You furiously retaliate!
You headbutt the orc priest!
You kill the orc priest!
Trog accepts your kill.
The orc priest calls down the wrath of Beogh upon you.
Beogh smites you!
You die...

.#....))....######....# #........
..............##.....## ##.....<.
.....................## #........
.............§o..##...# #........
..................##.####......#.
#..............#.######.......##.
.........#.o...o.####.......#.#..
........#.§o.o)#........###..
.......###.@))))............
..... ##.#..............#
#####.#####....... ### ........
#....... #....... ##...... #.####


You could see an orc high priest, an orc warrior, an orc priest and 2 orc
wizards.

Vanquished Creatures
  Rupert (D:14)
  An orc warlord (Orc:1)
  A very ugly thing (D:13)
  Nessos (D:14)
  The ghost of Britaniac the Basher, a journeyman OgFi of Okawaru (Lair:2)
  A dire elephant (Lair:6)
  A minotaur (Lab)
  Josephine (D:10)
  The ghost of xight the Thaumaturge, a journeyman DEFE of Vehumet (Lair:3)
  A fire dragon (Lair:6)
  A yaktaur captain (D:15)
  Fannar (D:10)
  3 hydras
  2 centaur warriors (D:15)
  10 two-headed ogres
  A catoblepas (D:9)
  Erica (D:10)
  Urug (Lair:2)
  3 death yaks (Lair:6)
  Sonja (Lair:2)
  8 skeletal warriors
  5 unseen horrors
  A deep troll (D:15)
  A deep elf archer (D:15)
  An orc knight (Orc:1)
  2 lindwurms (Lair:6)
  Pikel (D:5)
  A phantasmal warrior (D:15)
  A wolf spider zombie (D:15)
  3 cyclopes
  6 orc sorcerers
  3 ugly things
  A deep elf mage (D:13)
  A wolf spider (shapeshifter) (D:13)
  4 manticores
  3 centaur zombies
  The ghost of letownia2 the Magician, a novice GrWz (D:6)
  12 elephants
  3 black mambas
  A torpor snail (Lair:6)
  3 centaur skeletons
  2 gargoyles
  Psyche (D:9)
  9 spiny frogs
  A spiny frog (shapeshifter) (D:14)
  7 rime drakes
  A komodo dragon (shapeshifter) (D:14)
  10 komodo dragons
  A freezing wraith (D:13)
  2 efreet
  A tengu conjurer (D:12)
  5 trolls
  2 hornets
  A merfolk (D:13)
  4 meliai (D:13)
  2 polar bears
  Prince Ribbit (D:5)
  8 slime creatures
  7 blink frogs
  A harpy skeleton (D:15)
  6 dream sheep
  19 hippogriffs
  3 redbacks (Lair:4)
  Sigmund (D:4)
  12 wyverns
  13 humans (D:14)
  6 wraiths
  33 yaks
  3 shadows
  A vampire (D:15)
  10 basilisks
  6 hungry ghosts
  A tarantella (shapeshifter) (D:15)
  2 steam dragons (Lair:6)
  4 vampire mosquitoes (D:12)
  Menkaure (D:4)
  A warg (Orc:1)
  An acid dragon (Lair:6)
  A soldier ant (D:13)
  Duvessa (D:6)
  13 water moccasins
  6 sky beasts
  15 orc warriors
  3 swamp drakes (Lair:6)
  7 porcupines
  A slave (D:5)
  4 ice beasts
  2 necrophages
  6 phantoms
  2 black bears
  10 ogres
  2 eyes of draining
  17 wolves
  13 centaurs
  18 crocodiles
  Blork the orc (D:4)
  3 big kobolds
  17 bullfrogs
  Dowan (D:6)
  4 scorpions
  A troll zombie (D:10)
  A water moccasin skeleton (D:6)
  7 killer bees
  10 wights
  11 crimson imps
  2 bullfrog zombies
  6 hounds
  8 orc priests
  4 bullfrog skeletons
  4 jellies
  18 orc wizards
  Crazy Yiuf (D:2)
  7 iguanas
  9 worker ants
  A killer bee zombie (D:5)
  5 ogre zombies (D:10)
  3 hound skeletons
  12 adders
  8 gnolls
  5 shadow imps
  2 oozes
  4 adder skeletons
  A worm (D:2)
  A dart slug (D:2)
  6 leopard geckos
  51 orcs
  6 bats
  8 giant cockroaches
  6 goblins
  7 hobgoblins
  11 jackals
  4 quokkas
  3 ball pythons
  4 frilled lizards
  3 goblin skeletons (D:10)
  2 hobgoblin skeletons (D:10)
  A hobgoblin zombie (D:10)
  24 kobolds
  An orc skeleton (D:10)
  12 orc zombies (D:10)
  6 rats
  4 fungi
  3 plants
  A withered plant (D:5)
726 creatures vanquished.

Vanquished Creatures (collateral kills)
  The ghost of buskinjo the Geomancer, a journeyman DsEE of Kikubaaqudgha (Lair:5)
  3 hydras
  A death knight (D:15)
  2 skeletal warriors (D:14)
  A swamp dragon (Lair:6)
  A phantasmal warrior (D:15)
  An orc knight (D:14)
  An orc sorcerer (Orc:2)
  A spiny frog (Lair:4)
  A troll (D:9)
  4 dream sheep (Lair:4)
  2 hippogriffs (D:14)
  A shadow (D:14)
  4 yaks (D:10)
  2 humans (D:14)
  An acid dragon (Lair:6)
  An orc priest (Orc:2)
  An iguana (Lair:6)
29 creatures vanquished.

Vanquished Creatures (others)
  A human (D:14)
  A bullfrog zombie (D:13)
  11 fungi
  8 plants
21 creatures vanquished.

Grand Total: 776 creatures vanquished

Notes
Turn   | Place    | Note
-------+----------+-------------------------------------------
     0 | D:1      | awaves the Minotaur Berserker began the quest for the Orb.
     0 | D:1      | Reached XP level 1. HP: 19/19 MP: 0/0
   157 | D:1      | Reached skill level 4 in Axes
   166 | D:1      | Reached XP level 2. HP: 26/26 MP: 1/1
   932 | D:2      | Reached skill level 5 in Axes
   935 | D:2      | Reached XP level 3. HP: 22/31 MP: 2/2
  1155 | D:2      | Reached ** piety under Trog
  1581 | D:2      | Reached XP level 4. HP: 39/39 MP: 3/3
  1601 | D:2      | Reached skill level 6 in Axes
  1870 | D:2      | Found a runed door.
  1875 | D:2      | Noticed Crazy Yiuf
  1880 | D:2      | Killed Crazy Yiuf
  2040 | D:3      | Found an opulent altar of Gozag.
  2126 | D:3      | Found a shattered altar of Ashenzari.
  2290 | D:3      | Found an iron altar of Okawaru.
  2405 | D:3      | Reached skill level 7 in Axes
  2405 | D:3      | Reached XP level 5. HP: 45/45 MP: 4/4
  2723 | D:4      | Found a shimmering altar of Xom.
  2745 | D:4      | Noticed Menkaure
  2754 | D:4      | Killed Menkaure
  2754 | D:4      | Reached skill level 8 in Axes
  2754 | D:4      | Reached XP level 6. HP: 23/51 MP: 5/5
  3011 | D:4      | Noticed Sigmund
  3028 | D:4      | Killed Sigmund
  3028 | D:4      | Reached skill level 9 in Axes
  3229 | D:4      | Reached XP level 7. HP: 24/57 MP: 6/6
  3445 | D:4      | Noticed Blork the orc
  3451 | D:4      | Killed Blork the orc
  3451 | D:4      | Reached skill level 10 in Axes
  3462 | D:4      | Found a stormy altar of Qazlal.
  3494 | D:4      | Got a pair of shimmering boots
  3500 | D:4      | Identified the +2 pair of boots "Fuenlul" {Str+3} (You found it on level 4 of the Dungeon)
  3698 | D:4      | Found a deep blue altar of Sif Muna.
  3807 | D:5      | Entered Level 5 of the Dungeon
  3807 | D:5      | Noticed a two-headed ogre
  3814 | D:5      | HP: 4/85 [two-headed ogre/giant club (11)]
  3816 | D:5      | Killed a two-headed ogre
  3816 | D:5      | Reached skill level 12 in Axes
  3816 | D:5      | Reached XP level 8. HP: 5/64 MP: 7/7
  3978 | D:5      | Found a shadowy altar of Dithmenos.
  4028 | D:5      | Found Soadic's Jewellery Emporium.
  4067 | D:5      | Noticed Pikel
  4076 | D:5      | Killed Pikel
  4076 | D:5      | Reached skill level 13 in Axes
  4076 | D:5      | Reached XP level 9. HP: 70/70 MP: 8/8
  4151 | D:5      | Found an ancient bone altar of Kikubaaqudgha.
  4164 | D:5      | Reached skill level 14 in Axes
  4175 | D:5      | Reached *** piety under Trog
  4179 | D:5      | Noticed Prince Ribbit
  4195 | D:5      | Killed Prince Ribbit
  4349 | D:5      | Found a burning altar of Makhleb.
  4573 | D:5      | Found a radiant altar of Vehumet.
  4573 | D:5      | Found a sacrificial altar of Ru.
  4574 | D:5      | Found a blossoming altar of Fedhas.
  4575 | D:5      | Found a glowing golden altar of the Shining One.
  4577 | D:5      | Found a bloodstained altar of Trog.
  4662 | D:6      | Noticed letownia2's ghost (novice GrWz)
  4671 | D:6      | Killed letownia2's ghost
  4671 | D:6      | Reached skill level 15 in Axes
  4956 | D:6      | Found a glowing golden altar of the Shining One.
  4990 | D:6      | Noticed Duvessa
  4999 | D:6      | Killed Duvessa
  5003 | D:6      | Noticed Dowan
  5009 | D:6      | Killed Dowan
  5134 | D:6      | Reached skill level 16 in Axes
  5486 | D:7      | Found a staircase to the Ecumenical Temple.
  5765 | D:7      | Reached skill level 5 in Fighting
  5769 | D:7      | Reached XP level 10. HP: 75/81 MP: 9/9
  6031 | D:7      | Paralysed by a hornet for 3 turns
  6595 | Temple   | Entered the Ecumenical Temple
  6917 | D:8      | Found Nirphes's Weapon Emporium.
  6923 | D:8      | Noticed a manticore
  6924 | D:8      | Got a dazzling spear
  6938 | D:8      | Identified the +5 spear of Mutilation {pierce, rC+ Str+3 Dex-3 SInv} (You found it on level 8 of the Dungeon)
  6947 | D:8      | Killed a manticore
  6947 | D:8      | Reached skill level 5 in Armour
  7006 | D:8      | Found a glowing golden altar of the Shining One.
  7056 | D:8      | Noticed a two-headed ogre
  7064 | D:8      | Killed a two-headed ogre
  7083 | D:8      | Reached **** piety under Trog
  7512 | D:9      | Noticed Psyche
  7512 | D:9      | Noticed a two-headed ogre
  7522 | D:9      | Killed a two-headed ogre
  7522 | D:9      | Reached skill level 10 in Armour
  7524 | D:9      | Killed Psyche
  7847 | D:9      | Reached XP level 11. HP: 82/88 MP: 10/10
  8121 | D:9      | Noticed a catoblepas
  8160 | D:9      | Killed a catoblepas
  8227 | D:9      | Got a blackened rapier {pierce}
  8243 | D:9      | Noticed a death knight
  8244 | D:9      | Noticed a stone giant
  8249 | D:9      | Found a runed door.
  8249 | D:9      | Found a runed door.
  8256 | D:9      | Found a runed door.
  8678 | D:10     | Entered Level 10 of the Dungeon
  8709 | D:10     | Found a staircase to the Orcish Mines.
  8735 | D:10     | Reached ***** piety under Trog
  8780 | D:10     | Reached skill level 17 in Axes
  8826 | D:10     | Noticed Josephine
  8835 | D:10     | Killed Josephine
  8853 | D:10     | Noticed a two-headed ogre
  8861 | D:10     | Killed a two-headed ogre
  8894 | D:10     | Reached skill level 18 in Axes
  9092 | D:10     | Found a staircase to the Lair.
  9093 | D:10     | Noticed an unseen horror
  9108 | D:10     | Killed an unseen horror
  9155 | D:10     | Noticed Erica
  9165 | D:10     | Killed Erica
  9187 | D:10     | Received a gift from Trog
  9319 | D:10     | Noticed Fannar
  9338 | D:10     | Killed Fannar
  9338 | D:10     | Reached XP level 12. HP: 93/94 MP: 11/11
  9546 | D:10     | Reached skill level 19 in Axes
  9666 | D:10     | Gained mutation: Your muscles are strong. (Str +2) [potion of mutation]
  9666 | D:10     | Gained mutation: You have a beak for a mouth. [potion of mutation]
  9666 | D:10     | Gained mutation: Your spells are a little easier to cast, but a little less powerful. [potion of mutation]
  9666 | D:10     | Gained mutation: Your movements are slightly less encumbered by armour. (ER -2) [potion of mutation]
  9680 | Lair:1   | Entered Level 1 of the Lair of Beasts
 10349 | Lair:1   | Reached skill level 20 in Axes
 10840 | Lair:2   | Noticed Sonja
 10846 | Lair:2   | Noticed Britaniac's ghost (journeyman OgFi)
 10855 | Lair:2   | Killed Sonja
 11053 | Lair:2   | Noticed Urug
 11080 | Lair:2   | Killed Urug
 11301 | Lair:2   | Killed Britaniac's ghost
 11564 | Lair:2   | Reached skill level 21 in Axes
 11799 | Lair:3   | Noticed xight's ghost (journeyman DEFE)
 11806 | Lair:3   | Killed xight's ghost
 12027 | Lair:3   | Got a pitted hunting sling
 12048 | Lair:3   | Reached XP level 13. HP: 94/100 MP: 12/12
 12085 | Lair:3   | Found a staircase to the Swamp.
 12390 | Lair:3   | Identified the cursed +3 hunting sling of the Other Side {speed, +Inv rN+} (You found it on level 3 of the Lair of Beasts)
 12391 | Lair:3   | Identified the +5 rapier of Hepp {pierce, MR+ Int+3} (You took it off an orc warrior on level 9 of the Dungeon)
 12633 | Lair:4   | Reached skill level 22 in Axes
 12869 | Lair:4   | Found a hole to the Spider Nest.
 13221 | Lair:5   | Noticed buskinjo's ghost (journeyman DsEE)
 13261 | Lair:5   | Killed buskinjo's ghost
 13363 | Lair:5   | Found a staircase to the Slime Pits.
 13363 | Lair:5   | Found a viscous altar of Jiyva.
 13890 | Lair:6   | Entered Level 6 of the Lair of Beasts
 14029 | Lair:6   | Received a gift from Trog
 14338 | Lair:6   | Noticed a dire elephant
 14348 | Lair:6   | Killed a dire elephant
 14351 | Lair:6   | Reached skill level 10 in Fighting
 14418 | Lair:6   | Reached XP level 14. HP: 124/124 MP: 13/13
 15903 | D:11     | Got a translucent chain mail
 16760 | D:12     | Received a gift from Trog
 16972 | D:12     | Found a labyrinth entrance.
 17003 | Lab      | Entered a labyrinth
 17138 | Lab      | Paralysed by fainting for 7 turns
 17675 | Lab      | Reached skill level 15 in Fighting
 17676 | Lab      | Identified the Collected Works on Curses
 17677 | Lab      | Got an amber-encrusted leather armour
 17677 | Lab      | Got a pitted mace
 17721 | D:12     | Identified the +2 mace of Darkness {protect, rElec rF+} (You found it in a labyrinth)
 17726 | D:12     | Identified the +2 leather armour of the Hurricane {rC+ rN+ Str+2 Int-5} (You found it in a labyrinth)
 18201 | D:12     | Found Gifechud's Magic Scroll Emporium.
 18210 | D:12     | Bought a scroll of identify for 32 gold pieces
 18210 | D:12     | Bought a scroll of identify for 32 gold pieces
 18213 | D:12     | Identified the cursed +0 chain mail of Love and Death {-Tele rElec Str+10 SInv} (You found it on level 11 of the Dungeon)
 18226 | D:12     | Received a gift from Trog
 19493 | D:13     | Noticed a cyan very ugly thing
 19500 | D:13     | Killed a cyan very ugly thing
 19527 | D:13     | Got a warped scimitar
 19624 | D:14     | Noticed Rupert
 19625 | D:14     | Noticed Nessos
 19633 | D:14     | Reached XP level 15. HP: 145/145 MP: 4/14
 19642 | D:14     | Killed Rupert
 19643 | D:14     | Found a gate to the Vaults.
 19679 | D:14     | Killed Nessos
 19822 | D:14     | Found a bloodstained altar of Trog.
 19970 | D:14     | Found a sacrificial altar of Ru.
 20037 | D:14     | Received a gift from Trog
 20482 | D:14     | Identified the +6 scimitar of Circularity {vamp, +Fly MP-9 Stlth+} (You found it on level 13 of the Dungeon)
 20518 | D:15     | Entered Level 15 of the Dungeon
 21200 | D:15     | Found a staircase to the Depths.
 21464 | Orc:1    | Entered Level 1 of the Orcish Mines
 21464 | Orc:1    | Noticed an orc warlord
 21486 | Orc:1    | Killed an orc warlord
 22017 | Orc:1    | Found Qemaicun's Food Shop.
 22087 | Orc:2    | Entered Level 2 of the Orcish Mines
 22192 | Orc:2    | HP: 4/155 [orc sorcerer/bolt of negative energy (21)]
 22195 | Orc:2    | Killed from afar by an orc priest

Skill      XL: |  1  2  3  4  5  6  7  8  9 10 11 12 13 14 15 |
---------------+----------------------------------------------+-----
Axes           | 4 5 7 8 9 12 13 16 18 21 22 | 22.5
Fighting       | 5 11 16 20 | 20.0
Armour         | 10 11 | 11.0
Dodging        | |  2.1

Action                   |  1- 3 |  4- 6 |  7- 9 | 10-12 | 13-15 || total
-------------------------+-------+-------+-------+-------+-------++-------
Melee: Hand axe          |    92 |    92 |    11 |       |       ||   195
       Headbutt          |    10 |    15 |    51 |   170 |   368 ||   614
       War axe           |       |       |   168 |   574 |   567 ||  1309
       Peck              |       |       |       |    70 |   309 ||   379
       Battleaxe         |       |       |       |       |   439 ||   439
       Mace              |       |       |       |       |    41 ||    41
Invok: Trog's Hand       |       |     3 |     5 |     8 |    11 ||    27
       Berserk           |       |     2 |     6 |    10 |    12 ||    30
       Burn Spellbooks   |       |       |       |     2 |     2 ||     4
       Brothers in Arms  |       |       |       |     3 |    12 ||    15
Evoke: Wand              |       |       |       |     5 |       ||     5
  Use: Scroll            |       |       |    11 |     9 |    15 ||    35
       Potion            |       |       |       |    11 |    14 ||    25
 Stab: Confused          |       |       |       |       |     1 ||     1
  Eat: Chunk             |     1 |     9 |    15 |    25 |    25 ||    75
       Meat ration       |       |       |       |     3 |     4 ||     7
       Royal jelly       |       |       |       |       |     5 ||     5
Armor: Chain mail        |    35 |    30 |    83 |   311 |    79 ||   538
       Animal skin       |     3 |       |       |       |       ||     3
       Crystal plate arm |       |       |       |       |  1045 ||  1045
Dodge: Dodged            |    48 |    39 |    49 |   234 |   428 ||   798
